 Dungeon Crawl Stone Soup version 0.30.1-11-g7821555f0a (webtiles) character file.

Game seed: 4693895743572723022

779 comborobin the Chopper (level 7, -2/61 HPs)
             Began as a Minotaur Delver on Nov 16, 2023.
             Was an Elder of Cheibriados.
             Slain by an ogre
             ... wielding a +0 giant spiked club
              (17 damage)
             ... on level 6 of the Dungeon.
             The game lasted 00:03:28 (3291 turns).

comborobin the Chopper (Minotaur Delver)            Turns: 3291, Time: 00:03:29

Health: -2/61      AC: 10    Str: 25    XL:     7   Next: 54%
Magic:  0/6        EV: 10    Int: 16    God:    Cheibriados [****..]
Gold:   210        SH:  0    Dex: 23    Spells: 6/6 levels left

rFire   . . .        a - +0 hand axe
rCold   . . .        (no shield)
rNeg    . . .        f - +0 chain mail
rPois   .            (helmet restricted)
rElec   .            (no cloak)
rCorr   +            (no gloves)
SInv    .            (no boots)
Will    +....        w - amulet of guardian spirit Stlth
                     k - ring of resist corrosion
HPRegen 0.30/turn    C - ring of willpower
MPRegen 0.10/turn

%: guardian spirit
@: attractive, very slow
A: horns 2, retaliatory headbutt
a: Renounce Religion, Bend Time, Temporal Distortion, Slouch


You were on level 6 of the Dungeon.
You worshipped Cheibriados.
Cheibriados was greatly pleased with you.
You visited 1 branch of the dungeon, and saw 6 of its levels.

You collected 210 gold pieces.

Inventory:

Hand Weapons
 a - a +0 hand axe (weapon)
Armour
 b - a +0 leather armour
 f - a +0 chain mail (worn)
Jewellery
 k - a ring of resist corrosion (left hand)
 m - a ring of wizardry
 w - an amulet of guardian spirit (around neck)
 C - a ring of willpower (right hand)
Wands
 g - a wand of digging (3)
 B - a wand of iceblast (7)
Scrolls
 c - 4 scrolls of fog
 d - a scroll of magic mapping
 e - a scroll of fear
 h - 5 scrolls of vulnerability {unknown}
 i - a scroll of poison {unknown}
 j - 7 scrolls of identify {unknown}
 n - a scroll of brand weapon {unknown}
 o - 2 scrolls of enchant armour {unknown}
 q - a scroll of noise {unknown}
 u - 2 scrolls of teleportation {unknown}
 y - 2 scrolls of enchant weapon {unknown}
 D - a scroll of acquirement {unknown}
Potions
 l - 4 potions of brilliance
 p - 4 potions of invisibility {unknown}
 r - 2 potions of heal wounds {unknown}
 s - a potion of ambrosia
 v - 2 potions of curing
 x - a potion of magic {unknown}
 z - 2 potions of berserk rage {unknown}
 A - a potion of mutation {unknown}


   Skills:
 - Level 5.0 Fighting
 + Level 7.4 Axes
 + Level 6.2 Armour
 - Level 2.1 Dodging
 - Level 4.1 Stealth


You had 6 spell levels left.
You didn't know any spells.
Your spell library contained the following spells:

 Spells                   Type           Power      Damage    Failure   Level
 Apportation              Tloc           0%         N/A       75%         1
 Necrotise                Necr           0%         1d4       75%         1
 Sandblast                Erth           0%         2d4       75%         1
 Sting                    Tmut/Pois      0%         1d3       75%         1
 Summon Small Mammal      Summ           0%         N/A       75%         1
 Passwall                 Tmut/Erth      0%         N/A       87%         2
 Poisonous Vapours        Pois/Air       0%         N/A       87%         2
 Call Canine Familiar     Summ           0%         N/A       98%         3
 Stone Arrow              Conj/Erth      0%         3d7       98%         3
 Summon Guardian Golem    Hex/Summ       0%         N/A       98%         3
 Olgreb's Toxic Radiance  Pois           0%         N/A       100%        4


Dungeon Overview and Level Annotations

Branches:
Dungeon (6/15)             Temple (0/1) D:6

Altars:
Cheibriados
Elyvilon
Gozag
Nemelex Xobeh
Sif Muna


Innate Abilities, Weirdness & Mutations

You have a pair of horns on your head.
You reflexively headbutt those who attack you in melee.


Message History

Your Armour skill increases to level 6!
Unknown command.
You hit the orc but do no damage. You headbutt the orc!
You kill the orc!
Cheibriados thoroughly appreciates the change of pace.
You hit the orc.
The orc is moderately wounded.
The orc hits you but does no damage. The orc barely misses you.
You slash the orc!
You kill the orc!
Cheibriados appreciates the change of pace.
An ogre comes into view. It is wielding a +0 giant spiked club.
The orc hits you but does no damage. The orc is attracted toward you. x2
The ogre is attracted toward you.
You barely miss the orc. You punch the orc.
The orc is heavily wounded.
The orc barely misses you. You furiously retaliate!
You headbutt the orc!
You kill the orc!
Cheibriados thoroughly appreciates the change of pace.
The orc is attracted toward you. x2
You slash the orc!
You kill the orc!
Cheibriados thoroughly appreciates the change of pace.
You slash the orc!
You kill the orc!
Cheibriados thoroughly appreciates the change of pace.
The orc is attracted toward you.
You slash the ogre!
The ogre is moderately wounded.
The ogre hits you with a +0 giant spiked club!
You hit the ogre.
The ogre is heavily wounded.
You hit the ogre.
The ogre is heavily wounded.
The ogre hits you with a +0 giant spiked club!
* * * LOW HITPOINT WARNING * * *
You hit the ogre. Your headbutt misses the ogre.
The ogre is severely wounded.
The ogre hits you with a +0 giant spiked club!!
You die...

#.>.#####..#
..
....#.....##
..# .
#...#.....
.....###...o.#
....#.#.#..#.#
.....#..o...#
#
#..#..##..#.#
#...###)...#
##..ooO@..###
#....######
####..#....###
.............#
.##........#.#
.##.###.####.#
.......<.....#
##.###########


You could see an ogre and 2 orcs.

Vanquished Creatures
  An orc warrior (D:6)
  An ice beast (D:6)
  An ogre (D:5)
  A howler monkey (D:5)
  3 jellies (D:5)
  A hound (D:5)
  2 iguanas
  3 orc wizards (D:3)
  A sleepcap (D:4)
  8 adders
  A shadow imp (D:5)
  An ufetubus (D:4)
  A dart slug (D:4)
  16 orcs
  7 bats
  6 endoplasms
  5 giant cockroaches
  5 goblins
  4 hobgoblins
  2 jackals (D:1)
  5 quokkas
  11 ball pythons
  5 frilled lizards
  3 kobolds
  7 rats
101 creatures vanquished.

Notes
Turn   | Place    | Note
-------+----------+-------------------------------------------
     0 | D:5      | comborobin the Minotaur Delver began the quest for the Orb.
     0 | D:5      | Reached XP level 1. HP: 19/19 MP: 0/0
     8 | D:5      | Noticed a howler monkey
    24 | D:5      | Found a white marble altar of Elyvilon.
    34 | D:5      | Reached skill level 3 in Axes
    34 | D:5      | Reached XP level 2. HP: 22/26 MP: 1/1
    57 | D:5      | Became a worshipper of Cheibriados the Contemplative
   233 | D:3      | Reached XP level 3. HP: 32/33 MP: 2/2
   276 | D:3      | Reached skill level 1 in Armour
   319 | D:3      | Reached * piety under Cheibriados
   324 | D:3      | Reached skill level 4 in Axes
   337 | D:3      | Reached XP level 4. HP: 19/41 MP: 3/3
   655 | D:2      | Found an opulent altar of Gozag.
  1001 | D:2      | Reached XP level 5. HP: 47/47 MP: 4/4
  1337 | D:1      | Reached ** piety under Cheibriados
  1767 | D:4      | Reached skill level 5 in Fighting
  1767 | D:4      | Reached skill level 5 in Axes
  1927 | D:4      | Reached *** piety under Cheibriados
  1958 | D:4      | Found a sparkling altar of Nemelex Xobeh.
  2243 | D:4      | Found a shimmering blue altar of Sif Muna.
  2303 | D:5      | Reached XP level 6. HP: 36/56 MP: 2/5
  2562 | D:5      | Reached skill level 6 in Axes
  2603 | D:5      | Reached skill level 5 in Armour
  2762 | D:5      | Reached XP level 7. HP: 53/61 MP: 6/6
  3238 | D:6      | Reached skill level 7 in Axes
  3261 | D:6      | Found a staircase to the Ecumenical Temple.
  3281 | D:6      | Reached **** piety under Cheibriados
  3291 | D:6      | Slain by an ogre

Illustrated notes

Levels and vault maps discovered:
D:1:      heliophobic_arrival_henge, layout_rooms
D:2:      layout_loops_cross, basic_altar, palyth_stone_intersect,
          nicolae_figureground_pulse
D:3:      layout_rooms
D:4:      layout_rooms, lemuel_blue_sif_altar, lemuel_tele_altar
D:5:      layout_loops_cross, mainiacjoe_overflow_catwalk_spiral
D:6:      layout_basic, minmay_temple_entry_arrows, kennysheep_generic_room_4

Skill      XL: |  1  2  3  4  5  6  7 |
---------------+----------------------+-----
Axes           | 3 4 5 6 7 |  7.4
Armour         | 2 3 5 6 |  6.2
Fighting       | 4 5 |  5.0
Dodging        | |  2.1
Stealth        | |  4.1

Action                     |  1- 3 |  4- 6 |  7- 9 || total
---------------------------+-------+-------+-------++-------
  Melee: Hand axe          |    50 |   165 |    48 ||   263
         Headbutt          |    12 |    21 |     8 ||    41
         Punch             |       |     2 |     1 ||     3
    Use: Potion            |     3 |       |     2 ||     5
   Stab: Sleeping          |     1 |       |       ||     1
 Armour: Leather armour    |     1 |       |       ||     1
         Chain mail        |    32 |    79 |    20 ||   131
  Dodge: Dodged            |    27 |    90 |    25 ||   142
